 Dungeon Crawl Stone Soup version 0.21-a0-274-gc1afaeb (console) character file.

2844 nht the Cleaver (level 9, 0/69 HPs)
             Began as a Minotaur Hunter on Sept 19, 2017.
             Was a Believer of Okawaru.
             Slain by a sixfirhy (11 damage)
             ... summoned by an orc high priest
             ... in a bailey.
             The game lasted 00:11:12 (6162 turns).

nht the Cleaver (Minotaur Hunter)                   Turns: 6162, Time: 00:11:13

Health: 0/69       AC: 12    Str: 21    XL:     9   Next: 46%
Magic:  6/8        EV: 13    Int: 13    God:    Okawaru [**....]
Gold:   389        SH:  0    Dex: 10    Spells: 8/8 levels left

rFire    . . .     SeeInvis +   s - +2 war axe {chop, Int+5}
rCold    . . .     Gourm    .   (no shield)
rNeg     . . .     Faith    .   q - +0 scale mail
rPois    .         Spirit   .   (helmet restricted)
rElec    .         Reflect  .   c - +1 cloak
rCorr    .         Harm     .   t - +0 pair of gloves
MR       .....                  w - +0 pair of boots
Stlth    +.........             (no amulet)
HPRegen  0.21/turn              e - ring of see invisible
MPRegen  0.11/turn              (no ring)

@: heroism
A: retaliatory headbutt, horns 2
a: Heroism, Renounce Religion


You were in a bailey.
You worshipped Okawaru.
Okawaru was pleased with you.
You were not hungry.

You visited 2 branches of the dungeon, and saw 8 of its levels.
You also visited: Sewer and Bailey.

You collected 389 gold pieces.

Inventory:

Hand Weapons
 a - a +2 hand crossbow
 i - the +4 hand axe "Ulingyplou" {chop, +Inv +Fly rN+ Int-4}
   (You found it on level 7 of the Dungeon)

   It inflicts extra damage upon your enemies.
   It affects your intelligence (-4).
   It protects you from negative energy.
   It lets you turn invisible.
   It lets you fly.
 s - the +2 war axe of Meguwixeedgh (weapon) {chop, Int+5}
   (You found it on level 4 of the Dungeon)

   It inflicts extra damage upon your enemies.
   It affects your intelligence (+5).
 x - a +2 war axe of venom
 B - a +0 hand axe of flaming
Missiles
 d - 5 bolts
Armour
 c - a +1 cloak (worn)
 q - a +0 scale mail (worn)
 t - a +0 pair of gloves (worn)
 w - a +0 pair of boots (worn)
Jewellery
 e - a ring of see invisible (left hand)
Wands
 b - a wand of paralysis (10/24)
 n - a wand of digging (15/24)
Scrolls
 j - 6 scrolls of identify
 k - a scroll of enchant weapon
 r - a scroll of remove curse
 y - a scroll of enchant armour
Potions
 h - a potion of ambrosia
 l - 2 potions of brilliance
 p - 2 potions of flight
 u - 4 potions of curing
Books
 v - a book of Battle

   Spells                             Type                      Level
   a - Infusion                       Charms                       1
   b - Shroud of Golubria             Charms/Translocation         2
   c - Song of Slaying                Charms                       2
   d - Spectral Weapon                Hexes/Charms                 3
   e - Regeneration                   Charms/Necromancy            3
Comestibles
 f - 2 bread rations
 g - 2 meat rations
 m - 4 royal jellies
 o - 2 chunks of flesh


   Skills:
 + Level 3.0(8.0) Fighting
 * Level 11.2(16.2) Axes
 - Level 10.2(15.2) Crossbows
 + Level 1.3(6.3) Armour
 + Level 2.8(7.8) Dodging
 - Level 0.7(5.7) Stealth


You had 8 spell levels left.
You didn't know any spells.

Dungeon Overview and Level Annotations

Branches:
Dungeon (7/15)             Temple (1/1) D:5

Altars:
Ashenzari
Cheibriados
Dithmenos
Elyvilon
Fedhas
Gozag
Hepliaklqana
Kikubaaqudgha
Makhleb
Nemelex Xobeh
Okawaru
Qazlal
Ru
Trog
Uskayaw
Vehumet
Wu Jian
Xom
Zin

Shops:
D:4 (   D:6 [


Innate Abilities, Weirdness & Mutations

You reflexively headbutt those who attack you in melee.
You have a pair of horns on your head.


Message History

The orc high priest mumbles some strange prayers to Beogh.
Found a royal jelly.
Found an iron altar of Okawaru.
You start resting.
The sixfirhy barely misses you.
The sixfirhy hits you but does no damage.
Okay, then.
You slash the sixfirhy! Your headbutt misses the sixfirhy.
The sixfirhy is moderately wounded.
The sixfirhy hits you. The sixfirhy shocks you!
You fail to use your ability.
You closely miss the sixfirhy.
The sixfirhy is moderately wounded.
The sixfirhy hits you. The sixfirhy shocks you! The sixfirhy hits you.
The sixfirhy shocks you!
You gain the combat prowess of a mighty hero.
The sixfirhy hits you but does no damage.
The sixfirhy closely misses you. You furiously retaliate!
You headbutt the sixfirhy! The sixfirhy hits you!
* * * LOW HITPOINT WARNING * * *
The sixfirhy shocks you!
You die... ███████+█

█≈≈≈≈≈█ █.......█ █≈≈≈≈≈█
█.8.8.8.+
█≈≈≈≈≈██████...3K..█
█≈≈≈≈≈≈.█.....@█....█
███.≈≈≈≈≈.█......█.g..█%%
....≈≈≈≈≈.█''█████....█..
....≈≈≈≈≈.█.....█ ..K.█..
.........)).....█ g3o.█ █
..........)).⌠..█ .o3g█
..........).....█ ....█
....≈≈≈≈≈.█.....█
....≈≈≈≈≈.█++████


You could see a kobold demonologist and a sixfirhy.

Vanquished Creatures
  The ghost of nht the Quickloader, a novice MiHu (D:6)
  Eustachio (D:5)
  3 ice beasts
  3 orc warriors
  3 phantoms
  The ghost of confidenceinterval the Chopper, an amateur HOGl (D:5)
  An ogre (D:4)
  A big kobold (Sewer)
  Blork the orc (D:5)
  A bullfrog (D:6)
  A wyvern skeleton (D:6)
  2 electric eels (Bailey)
  A howler monkey (D:4)
  2 crimson imps
  2 bullfrog zombies
  5 hounds
  5 orc priests
  Crazy Yiuf (D:2)
  6 orc wizards
  2 iguanas (D:6)
  3 worker ants (D:4)
  Ijyb (D:5)
  A worker ant zombie (D:5)
  9 adders
  A shadow imp (D:5)
  2 oozes
  2 worms
  4 dart slugs
  4 leopard geckos
  25 orcs
  7 giant cockroaches
  4 goblins
  10 hobgoblins
  17 jackals
  6 quokkas
  2 ball pythons
  14 bats
  4 frilled lizards
  13 kobolds
  A leopard gecko zombie (D:6)
  9 rats
182 creatures vanquished.

Notes
Turn   | Place    | Note
-------+----------+-------------------------------------------
     0 | D:1      | nht the Minotaur Hunter began the quest for the Orb.
     0 | D:1      | Reached XP level 1. HP: 18/18 MP: 0/0
   145 | D:1      | Reached XP level 2. HP: 20/25 MP: 1/1
   147 | D:1      | Reached skill level 5 in Crossbows
   306 | D:1      | Reached XP level 3. HP: 30/30 MP: 2/2
  1394 | D:2      | Found a glowing silver altar of Zin.
  1395 | D:2      | Found an opulent altar of Gozag.
  1537 | D:2      | Reached XP level 4. HP: 37/37 MP: 3/3
  1590 | D:2      | Found a runed door.
  1788 | D:2      | Noticed Crazy Yiuf
  1790 | D:2      | Killed Crazy Yiuf
  2038 | D:3      | Reached XP level 5. HP: 38/42 MP: 4/4
  2421 | D:3      | Found an ornate altar of the Wu Jian Council.
  2421 | D:3      | Found a sacrificial altar of Ru.
  2426 | D:3      | Found a white marble altar of Elyvilon.
  2428 | D:3      | Found a stormy altar of Qazlal.
  2429 | D:3      | Found a snail-covered altar of Cheibriados.
  2857 | D:4      | Noticed an ogre
  2888 | D:4      | Noticed a phantom
  2898 | D:4      | Killed a phantom
  2898 | D:4      | Reached XP level 6. HP: 48/50 MP: 5/5
  2913 | D:4      | Found Vodwumpe's Weapon Emporium.
  2940 | D:4      | Got a dazzling dagger
  2955 | D:4      | Identified the +6 dagger "Dashonok" {freeze, *Rage rN+ Str+4 Int+3} (You found it on level 4 of the Dungeon)
  3232 | D:4      | Reached XP level 7. HP: 56/56 MP: 6/6
  3361 | D:4      | Got a fine war axe
  3362 | D:4      | Identified the cursed +2 war axe of Meguwixeedgh {chop, Int+5} (You found it on level 4 of the Dungeon)
  3602 | D:5      | Entered Level 5 of the Dungeon
  3635 | D:5      | Found a staircase to the Ecumenical Temple.
  3638 | D:5      | Noticed Eustachio
  3677 | D:5      | Killed Eustachio
  3677 | D:5      | Reached skill level 10 in Crossbows
  3685 | D:5      | Reached skill level 2 in Axes
  3756 | D:5      | Noticed confidenceinterval's ghost (amateur HOGl)
  3764 | D:5      | Killed confidenceinterval's ghost
  3764 | D:5      | Reached skill level 3 in Axes
  3816 | D:5      | Reached skill level 4 in Axes
  3835 | D:5      | Found a glowing drain.
  3849 | Sewer    | Entered a sewer
  3857 | Sewer    | Reached XP level 8. HP: 36/62 MP: 7/7
  3929 | Sewer    | Found a glowing silver altar of Zin.
  4083 | Temple   | Entered the Ecumenical Temple
  4196 | Temple   | Became a worshipper of Warmaster Okawaru
  4318 | D:5      | Reached skill level 5 in Axes
  4461 | D:5      | Reached skill level 6 in Axes
  4569 | D:5      | Noticed Ijyb
  4580 | D:5      | Killed Ijyb
  4615 | D:5      | Reached skill level 7 in Axes
  4761 | D:5      | Noticed Blork the orc
  4771 | D:5      | Killed Blork the orc
  5021 | D:6      | Reached * piety under Okawaru
  5021 | D:6      | Reached skill level 8 in Axes
  5066 | D:6      | Reached skill level 9 in Axes
  5087 | D:6      | Found Uveatsutimm's Armour Emporium.
  5263 | D:6      | Reached XP level 9. HP: 41/68 MP: 8/8
  5285 | D:6      | Found a radiant altar of Vehumet.
  5330 | D:6      | Reached skill level 10 in Axes
  5569 | D:6      | Found a sacrificial altar of Ru.
  5678 | D:6      | Noticed nht's ghost (novice MiHu)
  5688 | D:6      | Killed nht's ghost
  5688 | D:6      | Reached skill level 11 in Axes
  5872 | D:7      | Found a blossoming altar of Fedhas.
  5873 | D:7      | Found a flagged portal.
  5884 | D:7      | Got a jewelled hand axe
  5891 | D:7      | Identified the +4 hand axe "Ulingyplou" {chop, +Inv +Fly rN+ Int-4} (You found it on level 7 of the Dungeon)
  5892 | D:7      | Found a bloodstained altar of Trog.
  5894 | Bailey   | Entered a bailey
  5920 | Bailey   | Reached ** piety under Okawaru
  6135 | Bailey   | Reached skill level 1 in Armour
  6156 | Bailey   | Found an iron altar of Okawaru.
  6156 | Bailey   | Noticed an orc high priest
  6156 | Bailey   | Noticed a kobold demonologist
  6157 | Bailey   | Noticed a sixfirhy
  6157 | Bailey   | Noticed a soul eater
  6162 | Bailey   | Slain by a sixfirhy

Vault maps used:
D:1:      dpeg_arrival_renting, minmay_tetromino_s2
D:2:      grunt_temple_overflow_gold_and_silver, serial_forest,
          infiniplex_forest_clump_long, infiniplex_forest_end_2,
          infiniplex_forest_straight_2, infiniplex_forest_lined_room_,
          uniq_crazy_yiuf_cottage
D:3:      chequers_temple_overflow_minitemple
D:4:      first_bread, serial_shops, shop
D:5:      temple_fountains, cheibrodos_sewer_entry_bend, grunt_decor_one_mirror,
          uniq_ijyb, uniq_blork_the_orc, uniq_eustachio
D:6:      fiery_altar_vehumet, serial_shops, shop, nicolae_ru_path_of_blood
D:7:      cheibrodos_quashed, bloody_trog, fedhas_altar_3,
          gammafunk_temple_overflow_statue, enter_bailey_2
Temple:   nicolae_temple_figure_zero
Sewer:    sewer_kobolds
Bailey:   bailey_axe_of_yendor_kennysheep, bailey

Skill      XL: |  1  2  3  4  5  6  7  8  9 |
---------------+----------------------------+-----
Crossbows      | 5 6 8 9 10 | 10.2
Axes           | 4 9 11 | 11.2
Armour         | 1 |  1.3
Fighting       | 3 |  3.0
Dodging        | |  2.8
Stealth        | |  0.7

Action                   |  1- 3 |  4- 6 |  7- 9 || total
-------------------------+-------+-------+-------++-------
Melee: Dagger            |       |    21 |     6 ||    27
       Headbutt          |       |     6 |    31 ||    37
       War axe           |       |       |   238 ||   238
 Fire: Hand crossbow     |   105 |   116 |     8 ||   229
Invok: Heroism           |       |       |     2 ||     2
Evoke: Wand              |       |       |     2 ||     2
  Use: Scroll            |       |    12 |     6 ||    18
       Potion            |       |     2 |     6 ||     8
  Eat: Chunk             |     1 |     6 |     9 ||    16
       Fruit             |       |       |     1 ||     1
Armor: Leather armour    |    17 |       |       ||    17
       Scale mail        |       |    37 |   159 ||   196
Dodge: Dodged            |    23 |    50 |   181 ||   254

Table legend:
 A = Spawn XP
 B = Non-spawn XP
 C = Spawn XP percentage of total XP
 D = Spawn monster count
 E = Non-spawn monster count
 F = Spawn count percentage of total count
 G = Total turns spent on level
                    A         B        C        D         E        F      G
               +---------+---------+-------+---------+---------+-------+---------
         Total |       0 |    4063 |   0.0 |       0 |     182 |   0.0 |  6162
               +---------+---------+-------+---------+---------+-------+---------
           D:1 |       0 |      69 |   0.0 |       0 |      33 |   0.0 |   949
           D:2 |       0 |      74 |   0.0 |       0 |      19 |   0.0 |   886
           D:3 |       0 |     111 |   0.0 |       0 |      34 |   0.0 |   992
           D:4 |       0 |     667 |   0.0 |       0 |      21 |   0.0 |   775
           D:5 |       0 |    1192 |   0.0 |       0 |      35 |   0.0 |  1100
           D:6 |       0 |    1390 |   0.0 |       0 |      22 |   0.0 |   870
           D:7 |       0 |      53 |   0.0 |       0 |       2 |   0.0 |    38
         Sewer |       0 |     111 |   0.0 |       0 |       9 |   0.0 |   157
        Bailey |       0 |     396 |   0.0 |       0 |       7 |   0.0 |   268
               +---------+---------+-------+---------+---------+-------+---------
